 Seeded DCSS version 0.29-a0-551-gffc1d7fb78 (webtiles) character file.

Game seed: 9604906113238802953 (custom seed)

62925 zeratav the Alchemist (level 15, -13/133 HPs)
             Began as an Octopode Earth Elementalist on June 4, 2022.
             Was a Believer of Ashenzari.
             Mangled by an ugly thing simulacrum (15 damage)
             ... in an ice cave on June 5, 2022.
             The game lasted 00:50:38 (22720 turns).

zeratav the Alchemist (OpEE)                       Turns: 22720, Time: 00:50:38

Health: -13/133    AC: 32    Str: 22    XL:     15   Next: 7%
Magic:  14/33      EV: 19    Int: 25    God:    Ashenzari [**....]
Gold:   1713       SH:  9    Dex: 20    Spells: 5/26 levels left

rFire   . . .      SeeInvis +     - Unarmed
rCold   + . .      Faith    .   Q - +0 buckler of Ashenzari's Mistrust {Elem, Evo} (curse)
rNeg    + . .      Spirit   .   (helmet restricted)
rPois   ∞          Reflect  +   j - amulet of reflection
rElec   +          Harm     .   w - ring of ice
rCorr   +          Rampage  .   u - ring of the Heavens {Dex+6, Elem, Cun} (curse)
Will    +....                   R - ring of Vijuulat {rF+ Int+4}
Stlth   ++++......              v - ring of the Bound Vision {AC+4, Fort, Elem} (curse)
HPRegen 0.32/turn               F - ring "Urgency of Ashenzari" {Str+6, Cun, Melee} (curse)
MPRegen 0.23/turn               H - +6 ring of strength
                                O - ring "Wayrosm" {Wiz rCorr}
                                y - ring "Zoanong" {MP+9 Str+3 Int-3 Slay+3 SInv}

@: statue-form, very slow
A: slow and powerful, torment resistance 1, boosted hp, almost no armour,
amphibious, 8 rings, camouflage 1, (gelatinous body 1), (nimble swimmer 1),
tentacles
a: End Transformation, Renounce Religion, Curse Item, Shatter the Chains


You were in an ice cave.
You worshipped Ashenzari.
Ashenzari was pleased with you.
You were a living statue of rough stone.
You visited 3 branches of the dungeon, and saw 18 of its levels.
You also visited: Gauntlet and Ice Cave.

You collected 1713 gold pieces.


Innate Abilities, Weirdness & Mutations

You are a living statue of rough stone.
Your actions are slow, but your melee attacks are powerful.
You are resistant to unholy torment.
Your maximum health is greatly increased.
You are immune to poison.
You cannot wear most types of armour.
You are amphibious.
You can wear up to eight rings at the same time.
Your skin changes colour to match your surroundings (Stealth+).
((Your rubbery body absorbs attacks. (AC +1, EV +1)))
((You are camouflaged when in or above water. (Stealth+)))
You have tentacles for arms and can constrict up to eight enemies at once.


   Skills:
 + Level 10.0 Fighting
 - Level 8.7(10.6) Dodging
 - Level 2.6(4.2) Stealth
 - Level 9.7(11.0) Unarmed Combat
 - Level 6.0 Spellcasting
 - Level 15.0 Transmutations
 - Level 13.8(16.2) Earth Magic


You had 5 spell levels left.
You knew the following spells:

 Your Spells              Type           Power      Damage    Failure   Level
a - Sandblast             Erth           100%       2d20      0%          1
b - Stone Arrow           Conj/Erth      96%        3d13      1%          3
c - Lee's Rapid Deconstr  Erth           36%        3d19*     1%          5
d - Statue Form           Tmut/Erth      47%        N/A       1%          6
e - Eringya's Noxious Bo  Tmut/Pois      22%        N/A       26%         6

Your spell library contained the following spells:

 Spells                   Type           Power      Damage    Failure   Level
 Passwall                 Tmut/Erth      59%        N/A       1%          2
 Ice Form                 Ice/Tmut       62%        N/A       1%          4
 Leda's Liquefaction      Hex/Erth       24%        N/A       1%          4
 Petrify                  Tmut/Erth      71%        N/A       1%          4
 Borgnjor's Vile Clutch   Necr/Erth      24%        N/A       4%          5
 Alistair's Intoxication  Tmut/Pois      30%        N/A       5%          5
 Static Discharge         Conj/Air       8%         N/A       6%          2
 Ozocubu's Armour         Ice            13%        N/A       11%         3
 Dazzling Flash           Conj/Hex       14%        N/A       12%         3
 Summon Ice Beast         Ice/Summ       12%        N/A       34%         4
 Agony                    Necr           7%         N/A       69%         5
 Lightning Bolt           Conj/Air       4%         1d15      69%         5
 Silence                  Hex/Air        4%         N/A       69%         5
 Ozocubu's Refrigeration  Ice            6%         4d6       100%        7
 Borgnjor's Revivificati  Necr           3%         N/A       100%        8
 Maxwell's Capacitive Co  Air            4%         ∞         100%        8
 Necromutation            Tmut/Necr      22%        N/A       100%        8
 Death's Door             Necr           3%         N/A       100%        9

Inventory:

Missiles
 a - 322 stones {throwing}
Armour
 Q - the cursed +0 buckler of Ashenzari's Mistrust (worn) {Elem, Evo}
   (You took it off a gnoll sergeant on level 8 of the Dungeon)

   It has a curse which improves the following skills: Elements: Fire Magic, Ice
   Magic, Air Magic and Earth Magic.
   Evocations: Evocations.
Jewellery
 f - a +4 ring of protection
   (You took it off a minotaur in a Gauntlet)
 j - an amulet of reflection (around mantle)
   (You found it on level 2 of the Lair of Beasts)
 s - a +6 ring of intelligence
   (You found it on level 4 of the Dungeon)
 t - the amulet "Siputapn" {Spirit Will+ Str+3}
   (You found it on level 5 of the Dungeon)

   [amulet of guardian spirit]

   It causes incoming damage to be divided between your reserves of health and
   magic.
   Str:       It affects your strength (+3).
   Will:      It increases your willpower.
 u - the cursed ring of the Heavens (right tentacle) {Dex+6, Elem, Cun}
   (You found it on level 5 of the Dungeon)

   [ring of dexterity]

   Dex:       It affects your dexterity (+6).
   It has a curse which improves the following skills: Elements: Fire Magic, Ice
   Magic, Air Magic and Earth Magic.
   Cunning:   Dodging and Stealth.
 v - the cursed ring of the Bound Vision (on tentacle) {AC+4, Fort, Elem}
   (You took it off a kobold on level 5 of the Dungeon)

   [ring of protection]

   AC:        It affects your AC (+4).
   It has a curse which improves the following skills: Fortitude: Shields.
   Elements:  Fire Magic, Ice Magic, Air Magic and Earth Magic.
 w - a ring of ice (left tentacle)
   (You took it off a kobold on level 5 of the Dungeon)
 y - the ring "Zoanong" (on tentacle) {MP+9 Str+3 Int-3 Slay+3 SInv}
   (You found it in a Gauntlet)

   [ring of see invisible]

   Str:       It affects your strength (+3).
   Int:       It affects your intelligence (-3).
   Slay:      It affects your accuracy & damage with ranged weapons and melee
   (+3).
   MP:        It affects your magic capacity (+9).
   SInv:      It lets you see invisible.
 F - the cursed ring "Urgency of Ashenzari" (on tentacle) {Str+6, Cun, Melee}
   (You found it on level 7 of the Dungeon)

   [ring of strength]

   Str:       It affects your strength (+6).
   It has a curse which improves the following skills: Cunning: Dodging and
   Stealth.
   Melee Combat: Short Blades, Long Blades, Axes, Maces & Flails, Polearms,
   Staves and Unarmed Combat.
 H - a +6 ring of strength (on tentacle)
   (You found it on level 8 of the Dungeon)
 O - the ring "Wayrosm" (on tentacle) {Wiz rCorr}
   (You found it on level 9 of the Dungeon)

   [ring of wizardry]

   It improves your spell success rate.
   rCorr:     It protects you from acid and corrosion.
 R - the ring of Vijuulat (on tentacle) {rF+ Int+4}
   (You found it in a Gauntlet)

   [ring of protection from fire]

   Int:       It affects your intelligence (+4).
   rF:        It protects you from fire.
 U - a ring of positive energy
   (You found it in a Gauntlet)
 Z - a +4 ring of protection
   (You found it on level 5 of the Lair of Beasts)
Wands
 q - a wand of mindburst (18)
   (You found it on level 4 of the Dungeon)
 A - a wand of digging (7)
   (You found it on level 6 of the Dungeon)
 M - a wand of acid (5)
   (You took it off Psyche on level 9 of the Dungeon)
 W - a wand of polymorph (7)
   (You found it on level 5 of the Lair of Beasts)
Scrolls
 d - 9 scrolls of fog
 i - 2 scrolls of magic mapping {!r}
 k - 7 scrolls of fear
 l - 4 scrolls of poison {!r}
 p - 2 scrolls of summoning
 z - 5 scrolls of enchant armour
 E - 2 scrolls of vulnerability {!r!r}
 J - 6 scrolls of teleportation {@r4}
 N - 6 scrolls of amnesia
 Y - 2 scrolls of immolation {!r!r}
Potions
 b - a potion of magic
 c - 4 potions of flight
 e - 2 potions of haste {@q3}
 g - 6 potions of heal wounds {@q2}
 m - 3 potions of berserk rage {!q}
 o - 4 potions of attraction {!q}
 r - 4 potions of cancellation
 x - 3 potions of mutation {!q}
 B - 5 potions of curing {@q1}
 D - 5 potions of lignification {!q}
 K - 4 potions of resistance
 L - 4 potions of might
 P - 3 potions of ambrosia
Miscellaneous
 h - a condenser vane
   (You found it on level 6 of the Lair of Beasts)
 S - a lightning rod (4/4)
   (You found it in a Gauntlet)
 T - a phial of floods
   (You found it in a Gauntlet)
 X - a phantom mirror
   (You found it on level 5 of the Lair of Beasts)

Dungeon Overview and Level Annotations

Branches:
Dungeon (11/15)            Temple (1/1) D:7            Lair (6/6) D:8
 Shoals (0/4) Lair:2        Snake (0/4) Lair:4        Slime (0/5) Lair:6
  IceCv (1/1)             Gauntlet (visited)
    Orc: D:9-12

Altars:
Ashenzari
Cheibriados
Dithmenos
Elyvilon
Fedhas
Gozag
Hepliaklqana
Kikubaaqudgha
Makhleb
Nemelex Xobeh
Okawaru
Qazlal
Ru
Sif Muna
Trog
Uskayaw
Vehumet
Wu Jian
Xom
Yredelemnul
Zin
The Shining One

Shops:
D:10 (

Portals:
Hell: Lair:6

Annotations:
D:3 2 transporters, oldriver's ghost, weakling PaDe
D:9 3 runed translucent doors, zishaf's ghost, journeyman DjVM

* #.....## *
##......# *, ,
#.......# * ,
#.......## , ,
*#...#....##
*#..##.#...#
#J.##.##..## *
,,*#.J##[.##..# ,
*#Z8J#[..#..# *
*#....ZZZ##..##.##
, ,,
#..##....#..##..#
*#. *###..##..#..#
### , , #
*...#..##.####.##
* ** ,
#..##..#..##...# ,
* *..##..#.....∩∩#
*
##..#...#..##...#
*, ,
#..##..##.####.##


You could see 3 slime creatures, a demonic crawler simulacrum, 2 ugly thing
simulacra and an entropy weaver simulacrum.


Message History

You take 12 damage, and now have 66/133 hp.
You batter the slime creature!! The slime creature misses you.
You block the demonic crawler simulacrum's attack. x2
The demonic crawler simulacrum misses you.
The slime creature hits you!
* * * LOW HITPOINT WARNING * * *
The slime creature hits you.
* * * LOW HITPOINT WARNING * * *
The slime creature misses you.
An ugly thing simulacrum comes into view.
The entropy weaver simulacrum hits you but does no damage.
The entropy weaver simulacrum misses you.
You block the entropy weaver simulacrum's attack.
The entropy weaver simulacrum misses you.
The slime creature completely misses you.
HP[-14]
You take 14 damage, and now have 52/133 hp.
You bludgeon the slime creature!
You kill the slime creature!
The demonic crawler simulacrum closely misses you. x2
The demonic crawler simulacrum completely misses you.
You block the slime creature's attack.
The slime creature hits you but does no damage.
The walls melt the ugly thing simulacrum!
You block the entropy weaver simulacrum's attack.
The entropy weaver simulacrum barely misses you.
The entropy weaver simulacrum misses you.
The entropy weaver simulacrum hits you!
* * * LOW HITPOINT WARNING * * *
The entropy weaver simulacrum freezes you!!
You resist.
* * * LOW HITPOINT WARNING * * *
The slime creature hits you but does no damage.
The demonic crawler simulacrum barely misses you.
You block the demonic crawler simulacrum's attack.
The demonic crawler simulacrum completely misses you.
Training target 11.0 for Unarmed Combat reached!
You need to enable at least one skill for training.
HP[-25]
You take 25 damage, and now have 27/133 hp.
You feel much better.
The slime creature hits you but does no damage.
You block the slime creature's attack.
The walls melt the ugly thing simulacrum!
You block the entropy weaver simulacrum's attack.
The entropy weaver simulacrum barely misses you. x2
The entropy weaver simulacrum closely misses you.
The slime creature hits you!
* * * LOW HITPOINT WARNING * * *
The demonic crawler simulacrum closely misses you.
You block the demonic crawler simulacrum's attack.
The demonic crawler simulacrum hits you!
* * * LOW HITPOINT WARNING * * *
The demonic crawler simulacrum freezes you!
You resist.
* * * LOW HITPOINT WARNING * * *
The walls melt the ugly thing simulacrum!
The ugly thing simulacrum hits you but does no damage.
The slime creature hits you but does no damage. x2
The wall melts the ugly thing simulacrum!
The ugly thing simulacrum hits you but does no damage.
MP[+1] Read: 8 scrolls of fear
Press: ? - help, Q - select action, (/) - cycle Dir - look around, f - activate Look: a slime creature (chance to affect: 90%)
As you read the scroll of fear, it crumbles to dust.
You assume a fearsome visage.
The slime creature resists with some effort.
The slime creature looks frightened!
The slime creature resists with some effort.
The entropy weaver simulacrum is unaffected.
The ugly thing simulacrum is unaffected.
The demonic crawler simulacrum is unaffected.
The ugly thing simulacrum is unaffected.
The entropy weaver simulacrum hits you but does no damage.
The entropy weaver simulacrum barely misses you.
You block the entropy weaver simulacrum's attack.
The entropy weaver simulacrum hits you but does no damage.
The demonic crawler simulacrum hits you but does no damage.
The demonic crawler simulacrum completely misses you.
The demonic crawler simulacrum hits you but does no damage.
You block the slime creature's attack.
The walls melt the ugly thing simulacrum!
The ugly thing simulacrum misses you. The slime creature barely misses you.
The demonic crawler simulacrum hits you but does no damage.
You block the demonic crawler simulacrum's attack.
The demonic crawler simulacrum hits you but does no damage.
You block the entropy weaver simulacrum's attack.
The entropy weaver simulacrum completely misses you.
The entropy weaver simulacrum hits you!
* * * LOW HITPOINT WARNING * * *
The entropy weaver simulacrum freezes you!
You resist.
* * * LOW HITPOINT WARNING * * *
The entropy weaver simulacrum hits you but does no damage.
The wall melts the ugly thing simulacrum!
The ugly thing simulacrum hits you.
* * * LOW HITPOINT WARNING * * *
The ugly thing simulacrum freezes you! You resist.
You die...

Skill      XL: |  1  2  3  4  5  6  7  8  9 10 11 12 13 14 |
---------------+-------------------------------------------+-----
Earth Magic    | 4 5 6 7 9 10 11 13 | 13.8
Spellcasting   | 3 4 6 |  6.0
Transmutations | 7 10 11 13 15 | 15.0
Unarmed Combat | 2 3 9 |  9.7
Fighting       | 5 10 | 10.0
Dodging        | 5 8 |  8.7
Stealth        | |  2.6

Action                   |  1- 3 |  4- 6 |  7- 9 | 10-12 | 13-15 || total
-------------------------+-------+-------+-------+-------+-------++-------
Melee: Unarmed           |    19 |       |       |   340 |   458 ||   817
       Tentacles         |    12 |     4 |     4 |   111 |   153 ||   284
       Constrict         |    14 |     8 |     3 |    70 |    72 ||   167
       Dagger            |    30 |    34 |    13 |     2 |       ||    79
       Punch             |       |       |       |     7 |    30 ||    37
 Cast: Sandblast         |    22 |    37 |    88 |     7 |       ||   154
       Stone Arrow       |       |     5 |    31 |     2 |       ||    38
       Lee's Rapid Decon |       |       |     5 |    12 |     7 ||    24
       Statue Form       |       |       |     3 |    41 |    62 ||   106
Invok: Curse Item        |       |       |       |     3 |     2 ||     5
       Shatter the Chain |       |       |       |       |     1 ||     1
  Use: Potion            |       |       |     4 |       |     1 ||     5
       Scroll            |       |       |       |    10 |     4 ||    14
 Stab: Sleeping          |     6 |    13 |       |     3 |    10 ||    32
Armor: Skin              |     2 |       |    26 |   243 |   358 ||   629
Dodge: Dodged            |    31 |    24 |    71 |   319 |   627 ||  1072
Block: Buckler           |       |       |       |    80 |   346 ||   426
       Reflection        |       |       |       |       |     2 ||     2

Levels and vault maps discovered:
D:1:      giann_forest_graveyard, layout_basic
D:2:      layout_loops_ring, corexii_shack
D:3:      layout_loops_corners, chequers_ecumenical_altar_simple,
          gammafunk_ghost_smash, minmay_fractal_squares_diagonal_5
D:4:      layout_layer_cave, mainiacjoe_overflow_chevrons,
          mainiacjoe_overflow_two_lobes, uniq_menkaure, uniq_natasha
D:5:      layout_basic, serial_co_window_serial, co_window_cross_1,
          co_window_paths_a, co_window_corner_a, co_window_paths_b,
          co_window_of_opportunity_a, co_window_paths_b, co_window_paths_b,
          co_window_broadway_b, co_window_corner_b, co_window_2corner,
          co_window_of_opportunity_b, co_window_broadway_a,
          co_window_of_opportunity_b, glass_columns_b, glass_columns_a
D:6:      layout_gridville, uniq_blork_the_orc, uniq_pikel
D:7:      layout_rooms, minmay_temple_entry_large_hall
D:8:      layout_basic, lemuel_coloured_pillars_altar, erik_lair_island,
          minmay_misc_feat_doors, minmay_misc_feat_tower
D:9:      erik_cavepeople, layout_basic, ebering_ghost_rock_garden
D:10:     layout_roguey, lemuel_crystal_altar, mainiacjoe_overflow_catwalk,
          serial_shops, nicolae_shop_bloodbath_and_beyond, serial_bayou_ford_a,
          kennysheep_generic_room_14
D:11:     layout_basic, portal_ice_cave_demonic_guard
Temple:   regret_index_temple_sphere_string
Lair:1:   layout_roguey, lemuel_fruit_fields
Lair:2:   layout_concentric_octagons, elwin_shoals_entry_stream
Lair:3:   layout_layer_cave, gauntlet_entry_generic, minivault_26,
          chequers_serial_rivers_micro_b, uniq_urug
Lair:4:   layout_regular_city, guppyfry_snake_entry_garden,
          infiniplex_staircase_pool_2
Lair:5:   beast_lair_carwin_large_3, layout_cave_pods
Lair:6:   evil_forest, layout_loops_ring, minmay_slime_entry_jelly_boxes,
          hibernation_bobbens
IceCv:    ice_cave_hellmonk_azure_passage

Notes
Turn   | Place    | Note
-------+----------+-------------------------------------------
     0 | D:1      | zeratav the Octopode Earth Elementalist began the quest for
                  | the Orb.
     0 | D:1      | Reached XP level 1. HP: 11/11 MP: 3/3
     0 | D:1      | Upgraded the game from 0.29-a0-542-g075992c915 to
                  | 0.29-a0-551-gffc1d7fb78
     0 | D:1      | magus.rc [v1.9.6]
   485 | D:1      | Reached XP level 2. HP: 10/17 MP: 3/5
  1564 | D:2      | Reached XP level 3. HP: 21/21 MP: 6/6
  1627 | D:2      | Reached skill level 4 in Earth Magic
  1934 | D:2      | Reached XP level 4. HP: 27/27 MP: 5/8
  2475 | D:3      | Learned a level 3 spell: Stone Arrow
  2549 | D:3      | Found a transporter.
  2549 | D:3      | Noticed an ogre
  2549 | D:3      | Noticed an ogre
  2549 | D:3      | Noticed oldriver's ghost (weakling PaDe)
  2550 | D:3      | Found a transporter.
  2659 | D:3      | You add the spells Borgnjor's Revivification, Necromutation
                  | and Death's Door to your library.
  2678 | D:3      | Reached skill level 3 in Spellcasting
  2678 | D:3      | Reached XP level 5. HP: 10/31 MP: 5/9
  3060 | D:3      | Found a faded altar of an unknown god.
  3210 | D:3      | Reached skill level 5 in Earth Magic
  3686 | D:4      | Noticed Menkaure
  3689 | D:4      | Killed Menkaure
  3690 | D:4      | Reached XP level 6. HP: 36/36 MP: 6/11
  3801 | D:4      | Reached skill level 6 in Earth Magic
  3849 | D:4      | Found a bloodstained altar of Trog.
  4494 | D:4      | Noticed Natasha
  4502 | D:4      | Killed Natasha
  4720 | D:4      | Reached skill level 4 in Spellcasting
  4772 | D:4      | Reached XP level 7. HP: 41/41 MP: 7/13
  4949 | D:4      | Found a sacrificial altar of Ru.
  4982 | D:4      | Found a snail-covered altar of Cheibriados.
  5253 | D:5      | Entered Level 5 of the Dungeon
  5376 | D:5      | Reached skill level 7 in Earth Magic
  6063 | D:5      | Identified the amulet "Siputapn" {Spirit Will+ Str+3}
  6333 | D:5      | You pick up a book of the Earth and begin reading...
  6333 | D:5      | You add the spells Leda's Liquefaction, Lee's Rapid
                  | Deconstruction and Statue Form to your library.
  6367 | D:5      | Reached XP level 8. HP: 27/46 MP: 8/15
  6502 | D:5      | Learned a level 5 spell: Lee's Rapid Deconstruction
  6577 | D:6      | Reached skill level 5 in Spellcasting
  6577 | D:6      | Reached skill level 8 in Earth Magic
  7165 | D:6      | Noticed Pikel
  7531 | D:6      | Killed Pikel
  7532 | D:6      | Reached skill level 6 in Spellcasting
  7532 | D:6      | Reached skill level 9 in Earth Magic
  7532 | D:6      | Reached XP level 9. HP: 39/51 MP: 6/18
  7654 | D:6      | Reached skill level 10 in Earth Magic
  7748 | D:6      | Reached skill level 2 in Transmutations
  7825 | D:6      | Reached skill level 3 in Transmutations
  7968 | D:6      | Noticed Blork the orc
  7998 | D:6      | Killed Blork the orc
  7999 | D:6      | Reached skill level 4 in Transmutations
  8174 | D:6      | Learned a level 6 spell: Statue Form
  8406 | D:7      | You fall into a shaft and drop 2 floors!
  8470 | D:8      | Reached skill level 5 in Transmutations
  8790 | D:7      | Reached skill level 6 in Transmutations
  8835 | D:7      | HP: 11/51 [killer bee (5)]
  8837 | D:7      | HP: 2/51 [killer bee (7)]
  9166 | D:7      | Found a staircase to the Ecumenical Temple.
  9171 | D:7      | Reached skill level 7 in Transmutations
  9176 | Temple   | Entered the Ecumenical Temple
  9335 | Temple   | Became a worshipper of Ashenzari the Shackled
  9687 | D:8      | Noticed a troll
  9701 | D:8      | Killed a troll
  9702 | D:8      | Reached skill level 1 in Unarmed Combat
  9981 | D:8      | Reached skill level 2 in Unarmed Combat
  9981 | D:8      | Reached XP level 10. HP: 56/56 MP: 17/19
 10155 | D:8      | Reached skill level 3 in Unarmed Combat
 10234 | D:8      | Reached skill level 8 in Transmutations
 10342 | D:8      | Found a staircase to the Lair.
 10735 | D:8      | Found an ornate altar of the Wu Jian Council.
 11059 | D:9      | Reached skill level 9 in Transmutations
 11310 | D:9      | Noticed Jessica
 11310 | D:9      | Noticed Psyche
 11327 | D:9      | Reached skill level 10 in Transmutations
 11327 | D:9      | Reached skill level 1 in Fighting
 11336 | D:9      | Reached skill level 2 in Fighting
 11337 | D:9      | Reached skill level 3 in Fighting
 11338 | D:9      | Killed Psyche
 11339 | D:9      | Reached skill level 4 in Fighting
 11345 | D:9      | Reached skill level 5 in Fighting
 11349 | D:9      | Reached XP level 11. HP: 40/72 MP: 6/20
 11350 | D:9      | Killed Jessica
 11613 | D:9      | Reached skill level 6 in Fighting
 11626 | D:9      | Found a runed translucent gate.
 11626 | D:9      | Found a runed translucent gate.
 11626 | D:9      | Found a runed translucent gate.
 11626 | D:9      | Noticed zishaf's ghost (journeyman DjVM)
 11711 | D:9      | Identified the ring "Wayrosm" {Wiz rCorr}
 11723 | D:9      | Noticed a two-headed ogre
 11726 | D:9      | Killed a two-headed ogre
 11727 | D:9      | Reached skill level 7 in Fighting
 12147 | D:10     | Entered Level 10 of the Dungeon
 12336 | D:10     | Reached skill level 8 in Fighting
 12504 | D:10     | Reached skill level 9 in Fighting
 12606 | D:10     | Found a basalt altar of Yredelemnul.
 12712 | D:10     | Found Leblibum's Weapon Emporium.
 12738 | D:10     | Found a radiant altar of Vehumet.
 12793 | D:10     | You add the spells Alistair's Intoxication, Borgnjor's Vile
                  | Clutch and Eringya's Noxious Bog to your library.
 13044 | Lair:1   | Entered Level 1 of the Lair of Beasts
 13218 | Lair:1   | Reached skill level 10 in Fighting
 13464 | Lair:1   | You fall into a shaft and drop 1 floor!
 13520 | Lair:2   | Reached skill level 3 in Dodging
 14178 | Lair:1   | Reached skill level 4 in Dodging
 14263 | Lair:2   | Reached skill level 5 in Dodging
 14416 | Lair:2   | Reached XP level 12. HP: 82/87 MP: 21/21
 14420 | Lair:2   | Reached skill level 6 in Dodging
 14442 | Lair:2   | Noticed a boulder beetle
 14583 | Lair:2   | Reached * piety under Ashenzari
 14674 | Lair:2   | Killed a boulder beetle
 14675 | Lair:2   | Reached skill level 7 in Dodging
 14963 | Lair:2   | Found a staircase to the Shoals.
 14978 | Lair:2   | Reached skill level 8 in Dodging
 15555 | Lair:3   | Noticed a five-headed hydra
 15557 | Lair:3   | Noticed a four-headed hydra
 15562 | Lair:3   | Killed a five-headed hydra
 15566 | Lair:3   | Killed a four-headed hydra
 15598 | Lair:3   | Noticed Urug
 15606 | Lair:3   | Killed Urug
 15646 | Lair:3   | Found a gate leading to a gauntlet.
 15660 | Lair:3   | Reached skill level 11 in Transmutations
 15660 | Lair:3   | Reached skill level 11 in Earth Magic
 15771 | Gauntlet | Entered a Gauntlet
 15771 | Gauntlet | Found a transporter.
 15779 | Gauntlet | Found a transporter.
 15779 | Gauntlet | Noticed a tengu warrior
 15783 | Gauntlet | Found a transporter.
 15788 | Gauntlet | Noticed a tengu warrior
 15794 | Gauntlet | Found a transporter.
 15795 | Gauntlet | Found a transporter.
 15802 | Gauntlet | Noticed a dire elephant
 15803 | Gauntlet | Found a transporter.
 15807 | Gauntlet | Found a transporter.
 15808 | Gauntlet | Identified the +3 pair of boots "Gucimma" {Dex+2}
 15814 | Gauntlet | Noticed a green death
 15815 | Gauntlet | Found a transporter.
 15819 | Gauntlet | Found a transporter.
 15827 | Gauntlet | Found a transporter.
 15830 | Gauntlet | Identified the ring of Vijuulat {rF+ Int+4}
 15861 | Gauntlet | Found a transporter.
 15865 | Gauntlet | Identified the ring "Zoanong" {MP+9 Str+3 Int-3 Slay+3
                  | SInv}
 15873 | Gauntlet | Found a transporter.
 15886 | Gauntlet | Found a transporter.
 15899 | Gauntlet | Found a transporter.
 15941 | Gauntlet | Killed a tengu warrior
 16009 | Gauntlet | Killed a tengu warrior
 16010 | Gauntlet | Reached XP level 13. HP: 92/92 MP: 17/22
 16180 | Gauntlet | Killed a dire elephant
 16396 | Gauntlet | Killed a green death
 16405 | Gauntlet | Reached skill level 12 in Transmutations
 16405 | Gauntlet | Reached skill level 12 in Earth Magic
 16582 | Gauntlet | Noticed a minotaur
 16588 | Gauntlet | Killed a minotaur
 16592 | Gauntlet | You pick up a book of the Senses and begin reading...
 16592 | Gauntlet | You add the spells Dazzling Flash, Agony and Silence to
                  | your library.
 16715 | Lair:3   | Learned a level 6 spell: Eringya's Noxious Bog
 17690 | Lair:4   | Identified the +0 pair of boots "Tofusun" {rF+ rC++ rCorr
                  | Str-2}
 17938 | Lair:4   | Found a staircase to the Snake Pit.
 18502 | Lair:4   | Reached skill level 13 in Earth Magic
 18504 | Lair:4   | Reached skill level 13 in Transmutations
 19104 | Lair:5   | Reached XP level 14. HP: 99/99 MP: 23/23
 19332 | Lair:5   | Noticed a dire elephant
 19343 | Lair:5   | Killed a dire elephant
 19547 | Lair:5   | Reached skill level 14 in Transmutations
 19585 | Lair:5   | Reached ** piety under Ashenzari
 19967 | Lair:5   | You pick up a book of Lightning and begin reading...
 19967 | Lair:5   | You add the spells Static Discharge, Lightning Bolt and
                  | Maxwell's Capacitive Coupling to your library.
 20120 | Lair:6   | Entered Level 6 of the Lair of Beasts
 20518 | Lair:6   | Found a staircase to the Slime Pits.
 20611 | Lair:6   | Reached skill level 15 in Transmutations
 20864 | Lair:6   | Reached skill level 4 in Unarmed Combat
 20910 | Lair:6   | Reached skill level 5 in Unarmed Combat
 20978 | Lair:6   | HP: 29/128 [death yak (8)]
 21275 | Lair:6   | Reached skill level 6 in Unarmed Combat
 21292 | Lair:6   | Reached skill level 7 in Unarmed Combat
 21802 | Lair:6   | Found a burning altar of Makhleb.
 21809 | Lair:6   | Reached skill level 8 in Unarmed Combat
 22020 | Lair:6   | Found a gateway to Hell.
 22020 | Lair:6   | Identified the +1 dagger of the Crafting Badger {vorpal,
                  | rPois Int+3 Dex-4}
 22540 | D:11     | Found a frozen archway.
 22557 | IceCv    | Entered an ice cave
 22565 | IceCv    | Reached skill level 9 in Unarmed Combat
 22584 | IceCv    | Reached XP level 15. HP: 103/103 MP: 24/24
 22607 | IceCv    | Identified the Reference Book on the Frostbite
 22608 | IceCv    | Identified a +0 crystal plate armour of cold resistance
 22622 | IceCv    | You add the spells Ozocubu's Armour, Summon Ice Beast, Ice
                  | Form and Ozocubu's Refrigeration to your library.
 22718 | IceCv    | HP: 27/133 [entropy weaver simulacrum (18)]
 22720 | IceCv    | HP: 3/133 [entropy weaver simulacrum (17)]
 22720 | IceCv    | Mangled by an ugly thing simulacrum

Vanquished Creatures
  2 dire elephants
  A minotaur (Gauntlet)
  A green death (Gauntlet)
  7 hydras
  A boulder beetle (Lair:2)
  6 death yaks (Lair:6)
  A two-headed ogre (D:9)
  2 tengu warriors (Gauntlet)
  Urug (Lair:3)
  A sixfirhy (Lair:6)
  A wizard (Lair:6)
  Pikel (D:6)
  An oklob plant (Lair:6)
  22 elephants
  4 merfolk sirens (Lair:2)
  3 orange demons
  2 black mambas
  2 torpor snails (Lair:2)
  A smoke demon (Lair:6)
  2 ice statues (IceCv)
  Psyche (D:9)
  6 rime drakes
  18 cane toads
  8 komodo dragons
  3 tengu conjurers (Gauntlet)
  6 ice devils
  2 entropy weaver simulacra (IceCv)
  A red devil (Lair:6)
  4 polar bears
  A troll (D:8)
  A tyrant leech (Gauntlet)
  4 slime creatures (IceCv)
  10 blink frogs
  5 dream sheep (Lair:4)
  A shadow (D:10)
  3 wyverns
  A wraith (D:10)
  41 yaks
  6 humans (D:9)
  7 basilisks
  3 steam dragons (D:6)
  2 nagas (Lair:4)
  2 demonic crawler simulacra (IceCv)
  4 swamp worms (Gauntlet)
  Menkaure (D:4)
  3 hell hounds (Lair:6)
  14 water moccasins
  3 orc warriors
  2 ice beasts
  2 black bears
  3 ugly thing simulacra (IceCv)
  An ogre (D:5)
  14 wolves
  A centaur (D:9)
  3 phantoms
  3 lemures
  2 kobold brigands
  Blork the orc (D:6)
  24 bullfrogs
  A gnoll sergeant (D:8)
  4 glowing shapeshifter simulacra (IceCv)
  4 scorpions
  14 wights
  15 jellies
  9 killer bees
  6 electric eels
  4 howler monkeys
  13 hounds
  4 orc priests
  An iguana (D:3)
  Jessica (D:9)
  Natasha (D:4)
  5 orc wizards
  7 gnolls
  10 adders
  A shadow imp (D:6)
  A worm (D:2)
  A dart slug (D:1)
  23 orcs
  5 ball pythons
  8 endoplasms
  4 giant cockroaches
  10 goblins
  7 hobgoblins
  14 kobolds
  2 quokkas
  7 bats
  A frilled lizard (D:1)
  10 rats
  A bush (Lair:4)
  A butterfly (Lair:1)
474 creatures vanquished.

Vanquished Creatures (others)
  An orc (D:10)
  42 fungi
  56 plants
99 creatures vanquished.

Grand Total: 573 creatures vanquished

Table legend:
 A = Non-vault XP
 B = Vault XP
 C = Vault XP percentage of total XP
 D = Non-vault monster count
 E = Vault monster count
 F = Vault count percentage of total count
                 A         B        C        D         E       F
            +---------+---------+-------+---------+---------+-------
      Total |   53452 |   36442 |  40.5 |     342 |     127 |  27.1
            +---------+---------+-------+---------+---------+-------
        D:1 |      30 |       0 |   0.0 |      15 |       0 |   0.0
        D:2 |      85 |       0 |   0.0 |      22 |       0 |   0.0
        D:3 |      67 |      47 |  41.2 |      21 |       6 |  22.2
        D:4 |     298 |     189 |  38.8 |      12 |       2 |  14.3
        D:5 |     504 |       0 |   0.0 |      15 |       0 |   0.0
        D:6 |    1174 |     689 |  37.0 |      22 |       2 |   8.3
        D:7 |    1001 |       0 |   0.0 |      16 |       0 |   0.0
        D:8 |     958 |     583 |  37.8 |      22 |       6 |  21.4
        D:9 |    2756 |    2898 |  51.3 |      22 |      17 |  43.6
       D:10 |    2606 |     410 |  13.6 |      27 |       2 |   6.9
       D:11 |       0 |     708 | 100.0 |       0 |       2 | 100.0
     Lair:1 |    2408 |       0 |   0.0 |      11 |       0 |   0.0
     Lair:2 |    4893 |    1879 |  27.7 |      19 |       4 |  17.4
     Lair:3 |    7975 |     806 |   9.2 |      28 |       1 |   3.4
     Lair:4 |    6856 |     329 |   4.6 |      27 |       2 |   6.9
     Lair:5 |    6893 |    4864 |  41.4 |      22 |       9 |  29.0
     Lair:6 |   14680 |   10408 |  41.5 |      40 |      40 |  50.0
      IceCv |     268 |    3853 |  93.5 |       1 |      16 |  94.1
   Gauntlet |       0 |    8779 | 100.0 |       0 |      18 | 100.0
            +---------+---------+-------+---------+---------+-------

Illustrated notes

Table legend:
 A = Kills in this place as a percentage of kills in entire the game.
 B = Kills by you in this place as a percentage of kills by you in the entire game.
 C = Kills by friends in this place as a percentage of kills by friends in the entire game.
 D = Other kills in this place as a percentage of other kills in the entire game.
 E = Experience gained in this place as a percentage of experience gained in the entire game.
 F = Experience gained in this place divided by the number of levels of this place that you have seen.
                   A       B       C       D       E      F
               +-------+-------+-------+-------+-------+----------------------
         Total | 100.0 | 100.0 |   N/A |   N/A | 100.0 | 4494.7
       Dungeon |  49.3 |  49.3 |   N/A |   N/A |  16.7 | 1363.9
          Lair |  43.3 |  43.3 |   N/A |   N/A |  69.0 | 10331.8
      Ice Cave |   3.6 |   3.6 |   N/A |   N/A |   4.6 | 4121.0
      Gauntlet |   3.8 |   3.8 |   N/A |   N/A |   9.8 | 8779.0
               +-------+-------+-------+-------+-------+----------------------

Table legend: (Time is in decaauts)
 A = Elapsed time spent in this place.
 B = Non-inter-level travel time spent in this place.
 C = Inter-level travel time spent in this place.
 D = Time resting spent in this place.
 E = Time spent auto-exploring this place.
 F = Levels seen in this place.
 G = Mean time per level.
                   A        B        C        D        E       F      G
               +--------+--------+--------+--------+--------+-----+--------+
         Total |  25167 |  24065 |   1102 |   5634 |  12467 |  20 | 1258.3 |
       Dungeon |  13728 |  12994 |    734 |   2855 |   7629 |  11 | 1248.0 |
        Temple |    172 |    129 |     43 |      0 |    114 |   1 |  172.0 |
          Lair |   9967 |   9642 |    325 |   2126 |   4573 |   6 | 1661.2 |
      Ice Cave |    233 |    233 |      0 |      0 |      0 |   1 |  233.0 |
      Gauntlet |   1065 |   1065 |      0 |    652 |    150 |   1 | 1065.0 |
               +--------+--------+--------+--------+--------+-----+--------+

Top non-repeatable levels by time:
  Lair:6: 2267 daAuts
  Lair:5: 2177 daAuts
     D:5: 1798 daAuts
  Lair:2: 1634 daAuts
     D:6: 1577 daAuts
     D:4: 1566 daAuts
     D:1: 1527 daAuts
     D:9: 1406 daAuts
  Lair:3: 1389 daAuts
     D:8: 1381 daAuts
  Lair:4: 1276 daAuts
     D:3: 1270 daAuts
  Lair:1: 1222 daAuts
    D:10: 1147 daAuts
Gauntlet: 1065 daAuts
